 Dungeon Crawl Stone Soup version 0.30-a0-738-g116ff8c4af (webtiles) character file.

Game seed: 4974559760913811895

1250 M4edhros the Cudgeller (level 8, -12/52 HPs)
             Began as an Octopode Transmuter on Feb 2, 2023.
             Was a Follower of Cheibriados.
             Mangled by an ogre
             ... wielding a +0 giant club
              (21 damage)
             ... on level 6 of the Dungeon.
             The game lasted 00:07:46 (5138 turns).

M4edhros the Cudgeller (Octopode Transmuter)        Turns: 5138, Time: 00:07:46

Health: -12/52     AC:  1    Str: 10    XL:     8   Next: 50%
Magic:  3/3        EV: 15    Int: 19    God:    Cheibriados [*.....]
Gold:   269        SH:  0    Dex: 19    Spells: 7/11 levels left

rFire   + + .      SeeInvis +    h - +7 whip of Yzyt {antimagic, Drain rF+ Dex+2}
rCold   x . .      Faith    .    (no shield)
rNeg    . . .      Spirit   .    (helmet restricted)
rPois   .          Reflect  .    (no amulet)
rElec   .          Harm     .    r - ring of protection from fire
rCorr   .          Rampage  .    u - ring of see invisible
Will    .....                    (no ring)
Stlth   +++                      (no ring)
HPRegen 0.28/turn                (no ring)
MPRegen 0.08/turn                (no ring)
                                 (no ring)
                                 (no ring)

@: very slow
A: almost no armour, amphibious, 8 rings, camouflage 1, gelatinous body 1,
(nimble swimmer 1), tentacles, weak 1, cold vulnerability 1, devolution 1
a: Renounce Religion, Bend Time


You were on level 6 of the Dungeon.
You worshipped Cheibriados.
Cheibriados was aware of your devotion.
You visited 2 branches of the dungeon, and saw 7 of its levels.

You collected 269 gold pieces.

Inventory:

Hand Weapons
 h - the +7 whip of Yzyt (weapon) {antimagic, Drain rF+ Dex+2}
   (You found it on level 4 of the Dungeon)

   Dex:       It affects your dexterity (+2).
   rF:        It protects you from fire.
   Drain:     It drains your maximum health when unequipped.
Missiles
 e - 2 throwing nets
 k - 12 poisoned darts
Jewellery
 r - a ring of protection from fire (left tentacle)
 u - a ring of see invisible (right tentacle)
Wands
 o - a wand of flame (15)
Scrolls
 a - a scroll of blinking {unknown}
 b - 4 scrolls of teleportation {unknown}
 c - 2 scrolls of noise {unknown}
 d - 3 scrolls of magic mapping {unknown}
 f - a scroll of torment {unknown}
 i - 2 scrolls of poison {unknown}
 l - 2 scrolls of amnesia {unknown}
 m - a scroll of fear {unknown}
 n - 5 scrolls of identify {unknown}
 q - a scroll of enchant armour {unknown}
 s - a scroll of enchant weapon {unknown}
 w - a scroll of vulnerability {unknown}
Potions
 j - 2 potions of haste


   Skills:
 + Level 3.5 Fighting
 * Level 7.2 Maces & Flails
 + Level 3.9 Dodging
 - Level 4.0 Unarmed Combat
 - Level 2.0 Spellcasting
 - Level 4.0 Transmutations


You had 7 spell levels left.
You knew the following spells:

 Your Spells              Type           Power      Damage    Failure   Level
a - Beastly Appendage     Tmut           34%        N/A       3%          1
b - Spider Form           Tmut/Pois      9%         N/A       22%         3

Your spell library contained the following spells:

 Spells                   Type           Power      Damage    Failure   Level
 Wereblood                Tmut           17%        N/A       4%          2
 Ice Form                 Ice/Tmut       9%         N/A       58%         4


Dungeon Overview and Level Annotations

Branches:
Dungeon (6/15)             Temple (1/1) D:6

Altars:
Ashenzari
Cheibriados
Dithmenos
Elyvilon
Fedhas
Hepliaklqana
Kikubaaqudgha
Makhleb
Nemelex Xobeh
Ru
Trog
Uskayaw
Wu Jian
Xom
Yredelemnul
Zin
The Shining One

Shops:
D:5 (


Innate Abilities, Weirdness & Mutations

You cannot wear most types of armour.
You are amphibious.
You can wear up to eight rings at the same time.
Your skin changes colour to match your surroundings (Stealth+).
Your rubbery body absorbs attacks. (AC +1, EV +1)
((You are camouflaged when in or above water. (Stealth+)))
You have tentacles for arms and can constrict up to eight enemies at once.
You are weak. (Str -2)
You are vulnerable to cold. (rC-)
You have hidden genetic defects.


Message History

The white imp falters for a moment.
You hit the white imp.
You kill the white imp!
Cheibriados appreciates the change of pace.
The centaur shoots an arrow.
The arrow hits you!
The centaur shoots an arrow.
The arrow hits you!
* * * LOW HITPOINT WARNING * * *
You hear an angry hiss.
You swing at nothing.
The centaur shoots an arrow.
The arrow closely misses you.
You hear a croak.
You swing at nothing.
You hit the centaur.
The centaur is lightly wounded.
The centaur unwields a +0 shortbow.
The centaur hits you.
* * * LOW HITPOINT WARNING * * *
The centaur closely misses you.
You hit the centaur.
Your tentacle-slap misses the centaur.
The centaur is moderately wounded.
The centaur completely misses you. The centaur barely misses you.
You closely miss the centaur.
The centaur is moderately wounded.
The centaur barely misses you.
The centaur kicks you but does no damage.
You hit the centaur.
The centaur is moderately wounded.
The centaur hits you.
* * * LOW HITPOINT WARNING * * *
The centaur barely misses you.
You hit the centaur but do no damage.
The centaur is moderately wounded.
The centaur barely misses you. The centaur closely misses you.
You hit the centaur. You squeeze the centaur!
You kill the centaur!
Cheibriados thoroughly appreciates the change of pace.
You swing at nothing.
You hit the ogre.
The ogre is lightly wounded.
The ogre hits you with a +0 giant club!!
You die...

##.....###)###....
#....).......#....
#...####.....+....
#..## ##....#...>
##.# +....#.... #.#
#....#.... #.##
####...... ##OS#
##..... ##@#'#
#..... #.##YF. ###
##...#. #.#
S5o.#.###....._ #.#
!.cJ#.....#..#. #.#
sg$.#.....#....
#.##.$!##.....#....
##.#####......#....
##.....#.....#....
##....##.....#####


You could see an ogre and an adder (wandering).

Vanquished Creatures
  3 water moccasins
  The ghost of postfeelist the Chopper, an amateur MiBe of Trog (D:3)
  An ogre (D:5)
  A centaur (D:6)
  A bullfrog (D:6)
  A scorpion (D:5)
  The ghost of Regoshi the Chopper, a weakling DsGl (D:3)
  A howler monkey (D:6)
  3 hounds
  2 jellies
  2 iguanas (D:5)
  2 orc wizards
  4 gnolls (D:5)
  7 adders
  A white imp (D:6)
  3 worms
  4 dart slugs
  12 orcs
  2 ball pythons
  4 bats
  8 endoplasms
  3 giant cockroaches
  4 goblins
  9 hobgoblins
  11 jackals
  A quokka (D:4)
  4 frilled lizards
  7 kobolds
  6 rats
109 creatures vanquished.

Vanquished Creatures (others)
  A quokka (D:4)
1 creature vanquished.

Grand Total: 110 creatures vanquished

Notes
Turn   | Place    | Note
-------+----------+-------------------------------------------
     0 | D:1      | M4edhros the Octopode Transmuter began the quest for the
                  | Orb.
     0 | D:1      | Reached XP level 1. HP: 13/13 MP: 3/3
   190 | D:1      | Reached XP level 2. HP: 12/18 MP: 5/5
   235 | D:2      | Found a faded altar of an unknown god.
   421 | D:2      | Reached XP level 3. HP: 6/23 MP: 6/6
   459 | D:2      | Learned a level 3 spell: Spider Form
   994 | D:4      | Reached XP level 4. HP: 16/28 MP: 7/7
  1081 | D:4      | Identified the +7 whip of Yzyt {antimagic, Drain rF+ Dex+2}
  1319 | D:4      | Reached skill level 1 in Maces & Flails
  1341 | D:4      | Found a white marble altar of Elyvilon.
  1372 | D:4      | Reached XP level 5. HP: 22/33 MP: 2/8
  1444 | D:4      | Reached skill level 2 in Maces & Flails
  1735 | D:5      | Entered Level 5 of the Dungeon
  1872 | D:5      | Reached skill level 3 in Maces & Flails
  1997 | D:5      | Found a shimmering altar of Xom.
  1999 | D:5      | Found a broken altar of Ashenzari.
  1999 | D:5      | Found a broken altar of Ashenzari.
  2001 | D:5      | Found a burning altar of Makhleb.
  2001 | D:5      | Found a blossoming altar of Fedhas.
  2001 | D:5      | Found a hide-covered altar of Uskayaw.
  2040 | D:5      | Found a basalt altar of Yredelemnul.
  2041 | D:5      | Found a bloodstained altar of Trog.
  2041 | D:5      | Noticed a water moccasin
  2047 | D:5      | Killed a water moccasin
  2048 | D:5      | Reached skill level 4 in Maces & Flails
  2048 | D:5      | Reached XP level 6. HP: 10/38 MP: 3/9
  2048 | D:5      | Upgraded the game from 0.30-a0-737-gf23d94013f to
                  | 0.30-a0-738-g116ff8c4af
  2048 | D:5      | Gained mutation: You sometimes lose your temper in combat.
                  | [potion of mutation]
  2050 | D:5      | Lost mutation: You sometimes lose your temper in combat.
                  | [potion of mutation]
  2050 | D:5      | Gained mutation: Your spells are a little easier to cast,
                  | but a little less powerful. [potion of mutation]
  2050 | D:5      | Gained mutation: You have hidden genetic defects. [potion
                  | of mutation]
  2050 | D:5      | Gained mutation: You are agile. (Dex +4, Str/Int -1)
                  | [potion of mutation]
  2050 | D:5      | Gained mutation: Your flesh is heat resistant. (rF+)
                  | [potion of mutation]
  2171 | D:5      | Gained mutation: You are weak. (Str -2) [hidden defects]
  2231 | D:5      | Lost mutation: You are agile. (Dex +4, Str/Int -1) [potion
                  | of mutation]
  2231 | D:5      | Lost mutation: You are weak. (Str -2) [potion of mutation]
  2231 | D:5      | Lost mutation: You have hidden genetic defects. [potion of
                  | mutation]
  2231 | D:5      | Gained mutation: Your magical capacity is low. (-10% MP)
                  | [potion of mutation]
  2329 | D:5      | Found Xagyvvuexi's Antique Weapon Shoppe.
  2340 | D:5      | Reached skill level 5 in Maces & Flails
  2476 | D:5      | Reached XP level 7. HP: 42/43 MP: 3/9
  2534 | D:5      | Found a hazy altar of Hepliaklqana.
  2869 | D:6      | Found a glowing golden altar of the Shining One.
  2917 | D:6      | Reached skill level 6 in Maces & Flails
  3093 | D:6      | Lost mutation: Your flesh is heat resistant. (rF+) [potion
                  | of mutation]
  3093 | D:6      | Lost mutation: Your spells are a little easier to cast, but
                  | a little less powerful. [potion of mutation]
  3093 | D:6      | Lost mutation: Your magical capacity is low. (-10% MP)
                  | [potion of mutation]
  3093 | D:6      | Gained mutation: You expend magic power (3 MP) to
                  | strengthen your wands. [potion of mutation]
  3190 | D:6      | Found a staircase to the Ecumenical Temple.
  3207 | Temple   | Entered the Ecumenical Temple
  3241 | Temple   | Became a worshipper of Cheibriados the Contemplative
  3404 | D:3      | Reached XP level 8. HP: 51/51 MP: 3/11
  3526 | D:3      | Found an ancient bone altar of Kikubaaqudgha.
  3575 | D:3      | You fall into a shaft and drop 3 floors!
  4384 | D:2      | Reached * piety under Cheibriados
  4705 | D:3      | Found a runed translucent gate.
  4907 | D:3      | Found a runed translucent gate.
  4907 | D:3      | Found a runed translucent gate.
  4908 | D:3      | Noticed Regoshi's ghost (weakling DsGl)
  4908 | D:3      | Noticed postfeelist's ghost (amateur MiBe)
  4929 | D:3      | Killed Regoshi's ghost
  4934 | D:3      | Killed postfeelist's ghost
  4956 | D:3      | Lost mutation: You expend magic power (3 MP) to strengthen
                  | your wands. [potion of mutation]
  4956 | D:3      | Gained mutation: You are vulnerable to cold. (rC-) [potion
                  | of mutation]
  4956 | D:3      | Gained mutation: You have hidden genetic defects. [potion
                  | of mutation]
  4956 | D:3      | Gained mutation: You are weak. (Str -2) [potion of
                  | mutation]
  5123 | D:6      | Reached skill level 7 in Maces & Flails
  5138 | D:6      | Mangled by an ogre

Illustrated notes

Levels and vault maps discovered:
D:1:      scummos_arrival_star, layout_loops_ring
D:2:      layout_basic, basic_ecumenical_altar, chequers_serial_rivers_micro_d,
          due_unseen_surprise
D:3:      layout_loops_ring, nicolae_overflow_crystal_walls,
          gammafunk_ghost_cemetery, grunt_ministairs_5
D:4:      layout_rooms, elyvilon_altar_4, serial_curves, eino_curves_04,
          eino_curves_03
D:5:      layout_cave_pools, doesnt_xom_only_xom,
          worldfamousw_hep_ancestral_shrine, jmf_multi_god_temple, serial_shops,
          kennysheep_little_box, kennysheep_nondescript, minmay_statues_item
D:6:      layout_gridville, lemuel_crystal_altar, grunt_gozag_breadcrumbs,
          minmay_temple_entry_large_hall, minmay_joined_circles
Temple:   chequers_temple_sunken

Skill      XL: |  1  2  3  4  5  6  7  8 |
---------------+-------------------------+-----
Transmutations | 3 4 |  4.0
Unarmed Combat | 4 |  4.0
Maces & Flails | 1 4 5 6 7 |  7.2
Fighting       | 2 3 |  3.5
Dodging        | 3 |  3.9
Spellcasting   | |  2.0

Action                     |  1- 3 |  4- 6 |  7- 9 || total
---------------------------+-------+-------+-------++-------
  Melee: Unarmed           |    72 |     1 |       ||    73
         Constrict         |    18 |    19 |    24 ||    61
         Tentacles         |    17 |    22 |    31 ||    70
         Punch             |     5 |     2 |     6 ||    13
         Whip              |       |    80 |   104 ||   184
  Evoke: Wand              |       |       |     1 ||     1
    Use: Potion            |     1 |     6 |     8 ||    15
   Stab: Sleeping          |     4 |     4 |     7 ||    15
         Distracted        |       |     1 |     1 ||     2
 Armour: Skin              |    18 |     3 |     4 ||    25
  Dodge: Dodged            |    31 |    67 |    45 ||   143

Table legend: (Time is in decaauts)
 A = Elapsed time spent in this place.
 B = Non-inter-level travel time spent in this place.
 C = Inter-level travel time spent in this place.
 D = Time resting spent in this place.
 E = Time spent auto-exploring this place.
 F = Levels seen in this place.
 G = Mean time per level.
                   A        B        C        D        E       F      G
               +--------+--------+--------+--------+--------+-----+--------+
         Total |   5611 |   5055 |    556 |    111 |   4105 |   7 |  801.6 |
       Dungeon |   5564 |   5021 |    543 |    111 |   4083 |   6 |  927.3 |
        Temple |     47 |     35 |     12 |      0 |     22 |   1 |   47.0 |
               +--------+--------+--------+--------+--------+-----+--------+

Top non-repeatable levels by time:
     D:5: 1168 daAuts
     D:2: 1162 daAuts
     D:3: 1094 daAuts
     D:4: 954 daAuts
     D:1: 742 daAuts
     D:6: 441 daAuts
  Temple: 47 daAuts
